 Dungeon Crawl Stone Soup version 0.17-a0-764-gd40c196 (console) character file.

49 sose the Chiller (level 3, -2/24 HPs)
             Began as a Merfolk Ice Elementalist on Apr 23, 2015.
             Slain by Terence
             ... wielding a +0 short sword
              (5 damage)
             ... on level 2 of the Dungeon.
             The game lasted 00:02:13 (1071 turns).

sose the Chiller (Merfolk Ice Elementalist)         Turns: 1071, Time: 00:02:13

Health: -2/24      AC:  2    Str:  8    XL:     3   Next: 75%
Magic:  1/6        EV: 13    Int: 15    God:
Gold:   54         SH:  0    Dex: 14    Spells: 3 memorised, 0 levels left

rFire  . . .     SeeInvis .     p - +0 trident
rCold  . . .     Clarity  .     a - +0 robe
rNeg   . . .     SustAb   .     (no shield)
rPois  .         Gourm    .     (no helmet)
rElec  .         Spirit   .     (no cloak)
rCorr  .         Warding  .     (no gloves)
rMut   .         Stasis   +     (no boots)
MR     .....                    e - amulet of stasis
Stlth  ++........               (no ring)
                                i - ring of teleport control

@: not resistant to hostile enchantments, unstealthy
A: change form in water, swift swim
a: Evoke Teleport Control


You were on level 2 of the Dungeon.
You were not hungry.

You visited 1 branch of the dungeon, and saw 2 of its levels.

You collected 54 gold pieces.

Inventory:

Hand weapons
 g - a +0 short sword
 p - a +0 trident (weapon)
Armour
 a - a +0 robe (worn)
Jewellery
 e - an amulet of stasis (around neck)
 i - a ring of teleport control (left hand)
Scrolls
 d - 2 scrolls of recharging {unknown}
 j - a scroll of enchant weapon {unknown}
 k - a scroll of identify {unknown}
 l - a scroll of blinking {unknown}
Potions
 h - a potion of restore abilities {unknown}
 m - a potion of brilliance {unknown}
 n - a potion of curing {unknown}
Books
 b - a book of Frost

   Spells                             Type                      Level
   a - Freeze                         Ice                          1
   b - Throw Frost                    Conjuration/Ice              2
   c - Ozocubu's Armour               Charms/Ice                   3
   d - Throw Icicle                   Conjuration/Ice              4
   e - Summon Ice Beast               Ice/Summoning                4
   f - Condensation Shield            Ice                          4
Comestibles
 c - a bread ration
 f - a royal jelly
 o - 2 chunks of flesh


   Skills:
 - Level 2.6 Dodging
 - Level 2.1 Stealth
 - Level 2.0 Spellcasting
 - Level 0.7 Conjurations
 + Level 5.0 Ice Magic


You couldn't memorise any spells.
You knew the following spells:

 Your Spells              Type           Power        Failure   Level  Hunger
a - Freeze                Ice            ###.         2%          1    #......
b - Throw Frost           Conj/Ice       ##....       12%         2    ###....
c - Ozocubu's Armour      Chrm/Ice       #.......     24%         3    ###....


Dungeon Overview and Level Annotations

Branches:
Dungeon (2/15)

Altars:

Annotations:
D:2 Terence


Message History

Confirm with . or Enter, or press ? or * to list all spells.
Aiming: Freeze
Press: ? - help, Shift-Dir - straight line, f/p - Terence
Aim: Terence, wielding a short sword and wearing a chain mail (severely wounded)
You freeze Terence.
Terence is almost dead.
Terence hits you with a short sword.
You hit Terence but do no damage.
Terence is almost dead.
Terence hits you with a short sword.
* * * LOW HITPOINT WARNING * * *
Unknown command.
You completely miss Terence.
Terence is almost dead.
Terence hits you with a short sword.
* * * LOW HITPOINT WARNING * * *
You hit Terence.
Terence is almost dead.
Terence hits you with a short sword.
You die...

.# ######### .##
#.......##..#.#
##.####.....#...
#########.#............
.....................>..
l..@..........#.....#.#
########@...###.....# .
#......@............#
.......#####.####....# #
..... .# #....# # #.##
.# ####.# #. # .. #.# #.
#.# #. #.# #. #.#.##
#.#...


You could see Terence.

Vanquished Creatures
  2 adders (D:2)
  2 giant geckos (D:1)
  3 bats
  8 hobgoblins
  2 giant cockroaches
  A giant newt (D:1)
  A goblin (D:1)
  6 kobolds (D:1)
  3 rats
28 creatures vanquished.

Notes
Turn   | Place    | Note
--------------------------------------------------------------
     0 | D:1      | sose, the Merfolk Ice Elementalist, began the quest for the Orb.
     0 | D:1      | Reached XP level 1. HP: 13/13 MP: 3/3
   132 | D:1      | Reached XP level 2. HP: 16/19 MP: 0/5
   185 | D:1      | Reached skill level 4 in Ice Magic
   645 | D:1      | Reached XP level 3. HP: 24/24 MP: 6/6
   943 | D:2      | Reached skill level 5 in Ice Magic
   990 | D:2      | Learned a level 2 spell: Throw Frost
   994 | D:2      | Learned a level 3 spell: Ozocubu's Armour
  1055 | D:2      | Noticed Terence
  1071 | D:2      | Slain by Terence

Action                   || total
-------------------------++-------
Melee: Unarmed           ||     3
       Short sword       ||    10
       Trident           ||     4
 Cast: Freeze            ||    45
 Stab: Sleeping          ||     2
       Distracted        ||     1
  Eat: Chunk             ||     1
